 Dungeon Crawl Stone Soup version 0.28.0-53-g5a82cb258f (webtiles) character file.

Game seed: 2046549998586059250

34512 mcbry74 the Basher (level 13, 0/99 HPs)
             Began as a Minotaur Berserker on June 26, 2022.
             Was a High Priest of Trog.
             Killed from afar by an oklob plant (13 damage)
             ... with a splash of acid
             ... on level 5 of the Lair of Beasts.
             The game lasted 01:18:12 (16338 turns).

mcbry74 the Basher (Minotaur Berserker)            Turns: 16338, Time: 01:18:15

Health: 0/99       AC:  1    Str: 22    XL:     13   Next: 42%
Magic:  12/12      EV: 11    Int:  8    God:    Trog [*****.]
Gold:   989        SH:  0    Dex: 11    Spells: 12/12 levels left

rFire   + . .      SeeInvis .   b - +6 hand axe "Louddypa" {venom, *Noise rElec rPois rF+}
rCold   . . .      Faith    .   (no shield)
rNeg    . . .      Spirit   .   u - +3 chain mail
rPois   +          Reflect  .   (helmet restricted)
rElec   +          Harm     .   p - +0 cloak
rCorr   +          Rampage  .   (no gloves)
Will    .....                   (no boots)
Stlth   ..........              h - amulet of regeneration
HPRegen 1.06/turn               S - ring of resist corrosion
MPRegen 0.13/turn               J - +4 ring of protection

@: corroded
A: horns 2, retaliatory headbutt
a: Renounce Religion, Berserk, Trog's Hand, Brothers in Arms


You were on level 5 of the Lair of Beasts.
You worshipped Trog.
Trog was extremely pleased with you.
You visited 2 branches of the dungeon, and saw 15 of its levels.

You collected 989 gold pieces.

Inventory:

Hand Weapons
 a - a +0 shortbow of venom
 b - the +6 hand axe "Louddypa" (weapon) {venom, *Noise rElec rPois rF+}
   (You found it on level 10 of the Dungeon)

   It poisons the flesh of those it strikes.
   rF:        It protects you from fire.
   rElec:     It insulates you from electricity.
   rPois:     It protects you from poison.
   *Noise:    It may make noises in combat.
 o - a +1 flail of protection
 V - a +1 mace of draining
 Y - a +4 vorpal war axe
 Z - a +2 battleaxe of venom
Missiles
 i - 282 arrows
 l - 23 poisoned darts
 n - 6 silver javelins
 q - 5 javelins
 w - 14 boomerangs (quivered)
 B - a curare-tipped dart
 R - a throwing net
Armour
 p - a +0 cloak (worn)
 u - a +3 chain mail (worn)
 A - the +4 skin of Zhor {*Englaciate rC+++ SInv}
   (You found it on level 3 of the Lair of Beasts)

   It radiates cold, occasionally slowing all nearby creatures who are not
   resistant to cold.
   rC:        It renders you almost immune to cold.
   SInv:      It lets you see invisible.
 H - a +0 buckler
Jewellery
 h - an amulet of regeneration (around neck)
 m - a ring of ice
 t - a +6 ring of dexterity
 z - a ring of see invisible
 G - a ring of flight
 J - a +4 ring of protection (right hand)
 Q - an amulet of reflection
 S - a ring of resist corrosion (left hand)
 U - a +6 ring of strength
Wands
 x - a wand of flame (81)
 E - a wand of mindburst (23)
 M - a wand of acid (2)
 N - a wand of polymorph (5)
Scrolls
 d - a scroll of magic mapping
 j - 4 scrolls of teleportation
 r - a scroll of silence
 y - 3 scrolls of fog
 D - a scroll of summoning
 F - a scroll of enchant armour
 I - a scroll of fear
 P - 2 scrolls of blinking
Potions
 e - a potion of magic {unknown}
 f - 3 potions of haste
 g - 2 potions of mutation
 k - 4 potions of might
 s - a potion of brilliance {unknown}
 v - 5 potions of curing
 C - a potion of berserk rage {unknown}
 K - a potion of flight {unknown}
 L - a potion of lignification {unknown}
 O - a potion of resistance {unknown}
 W - a potion of heal wounds {unknown}
 X - a potion of cancellation
Miscellaneous
 c - a tin of tremorstones (2/2)
 T - a condenser vane


   Skills:
 - Level 4.5 Fighting
 * Level 8.9(12.5) Axes
 - Level 14.0(14.9) Maces & Flails
 * Level 8.0 Bows
 - Level 7.0 Throwing
 + Level 12.4 Armour
 - Level 10.0 Dodging
 + Level 8.0 Evocations


You had 12 spell levels left.
You didn't know any spells.
Your spell library was empty.

Dungeon Overview and Level Annotations

Branches:
Dungeon (10/15)            Temple (0/1) D:5            Lair (5/6) D:8
  Swamp (0/4) Lair:2       Spider (0/4) Lair:3          Orc (0/2) D:10
  Slime: Lair:5-6

Altars:
Ashenzari
Cheibriados
Dithmenos
Fedhas
Hepliaklqana
Kikubaaqudgha
Ru
Trog
Uskayaw
Wu Jian
Yredelemnul
Zin

Shops:
D:9 :

Annotations:
D:10 2 transporters, Garym's ghost, journeyman MiBe
Lair:5 exclusion: oklob plant


Innate Abilities, Weirdness & Mutations

You have a pair of horns on your head.
You reflexively headbutt those who attack you in melee.


Message History

You hit the oklob plant but do no damage.
The oklob plant looks as sick as possible!
You headbutt the oklob plant, but do no damage.
The oklob plant is severely damaged.
You hit the oklob plant.
You punch the oklob plant, but do no damage.
The oklob plant is severely damaged.
The oklob plant spits acid at you. The splash of acid hits you! You resist.
* * * LOW HITPOINT WARNING * * *
You hit the oklob plant but do no damage.
The oklob plant is severely damaged.
You hit the oklob plant but do no damage.
You headbutt the oklob plant, but do no damage.
The oklob plant is severely damaged.
You hit the oklob plant but do no damage.
You headbutt the oklob plant, but do no damage.
The oklob plant is severely damaged.
You hit the oklob plant but do no damage.
You headbutt the oklob plant, but do no damage.
The oklob plant is almost destroyed.
The oklob plant spits acid at you. The splash of acid hits you! You resist.
* * * LOW HITPOINT WARNING * * *
You hit the oklob plant but do no damage.
The oklob plant is almost destroyed.
You hit the oklob plant but do no damage.
The oklob plant is almost destroyed.
You hit the oklob plant but do no damage.
The oklob plant is almost destroyed.
The oklob plant spits acid at you. The splash of acid hits you! You resist.
* * * LOW HITPOINT WARNING * * *
You hit the oklob plant but do no damage.
The oklob plant looks as sick as possible!
You headbutt the oklob plant, but do no damage.
The oklob plant is almost destroyed.
The oklob plant spits acid at you. The splash of acid hits you! You resist.
You die...

##.....####.......#
#.#.=###.........###
#...##.#.....#....P#
##...##.P.#.#.#...PP#
##.....#P..#..##.....##
..#........P...##.......P
...........#........###..
.#....P............## ##.
.....#..@..........# ##
.^.......P..###....######
........P_P..###....##.##
..#......P....#.........#
.............P...P....P..
........<..............PP
.........................
...
#........................
#...##.........
...>.......P..


You could see an oklob plant (extremely poisoned).

Vanquished Creatures
  The ghost of funkygono the Protected, a journeyman MiBe of Trog (Lair:4)
  Josephine (D:10)
  Harold (D:10)
  4 hydras
  A boulder beetle (Lair:3)
  8 death yaks (Lair:4)
  Urug (D:10)
  Pikel (D:7)
  9 elephants
  A black mamba (Lair:1)
  A centaur zombie (D:10)
  A torpor snail (Lair:3)
  12 cane toads
  7 komodo dragons
  4 rime drakes
  A troll (D:10)
  3 polar bears
  3 blink frogs (Lair:3)
  A meliai zombie (D:10)
  3 jumping spiders (Lair:3)
  2 culicivoras (Lair:3)
  5 wyverns
  21 yaks
  A shadow (D:9)
  3 wraiths (D:10)
  4 basilisks
  A steam dragon (D:9)
  5 redbacks (Lair:3)
  Menkaure (D:4)
  12 water moccasins
  Duvessa (D:5)
  A hornet zombie (D:7)
  3 orc warriors
  5 black bears
  2 necrophages
  5 wolves (Lair:4)
  6 centaurs
  3 kobold brigands
  10 bullfrogs
  A water moccasin zombie (D:6)
  A wyvern skeleton (D:5)
  A water moccasin skeleton (D:5)
  Dowan (D:5)
  5 killer bees (D:9)
  3 electric eels
  2 howler monkeys (D:9)
  A bullfrog zombie (D:6)
  4 hounds
  3 orc priests
  3 jellies
  Crazy Yiuf (D:2)
  3 bullfrog skeletons (D:6)
  A centaur skeleton (D:7)
  Terence (D:2)
  6 hell rats (Lair:3)
  An iguana (D:7)
  6 orc wizards
  A hound zombie (D:5)
  2 howler monkey zombies (D:6)
  Robin (D:3)
  11 adders
  3 howler monkey skeletons
  A shadow imp (D:6)
  A white imp (D:7)
  2 worms (D:2)
  4 dart slugs
  26 orcs
  5 ball pythons
  6 bats
  9 endoplasms
  A giant cockroach (D:2)
  18 goblins
  8 hobgoblins
  3 jackals (D:5)
  29 kobolds
  A quokka (D:5)
  A frilled lizard (D:1)
  5 rats
  A spectral hobgoblin (D:4)
338 creatures vanquished.

Vanquished Creatures (others)
  A bush (Lair:5)
  32 fungi
  44 plants
  2 withered plants (Lair:4)
79 creatures vanquished.

Grand Total: 417 creatures vanquished

Notes
Turn   | Place    | Note
-------+----------+-------------------------------------------
     0 | D:1      | mcbry74 the Minotaur Berserker began the quest for the Orb.
     0 | D:1      | Reached XP level 1. HP: 19/19 MP: 0/0
   290 | D:1      | Reached skill level 4 in Maces & Flails
   290 | D:1      | Reached XP level 2. HP: 26/26 MP: 1/1
   334 | D:1      | Found a faded altar of an unknown god.
   942 | D:1      | Reached XP level 3. HP: 31/31 MP: 2/2
  1006 | D:2      | Reached ** piety under Trog
  1023 | D:2      | Found a snail-covered altar of Cheibriados.
  1766 | D:2      | Reached XP level 4. HP: 36/39 MP: 3/3
  1767 | D:2      | Reached skill level 5 in Maces & Flails
  1823 | D:2      | Noticed Terence
  1833 | D:2      | Killed Terence
  2002 | D:2      | Found a runed translucent door.
  2003 | D:2      | Noticed Crazy Yiuf
  2011 | D:2      | Killed Crazy Yiuf
  2012 | D:2      | Reached XP level 5. HP: 29/45 MP: 4/4
  2177 | D:3      | Noticed a necrophage
  2185 | D:2      | Killed a necrophage
  2186 | D:2      | Reached skill level 6 in Maces & Flails
  2600 | D:3      | Reached XP level 6. HP: 43/51 MP: 5/5
  2613 | D:3      | Noticed Robin
  2634 | D:3      | Reached *** piety under Trog
  2647 | D:3      | Found a blossoming altar of Fedhas.
  2655 | D:3      | Killed Robin
  2946 | D:3      | Found a runed translucent door.
  2946 | D:3      | Noticed a human
  2951 | D:3      | Found a basalt altar of Yredelemnul.
  3164 | D:4      | Reached skill level 7 in Maces & Flails
  3164 | D:4      | Reached skill level 1 in Throwing
  3210 | D:4      | Reached XP level 7. HP: 53/57 MP: 6/6
  3266 | D:4      | Found an ancient bone altar of Kikubaaqudgha.
  3280 | D:4      | Found a sacrificial altar of Ru.
  3347 | D:4      | Found a hazy altar of Hepliaklqana.
  3442 | D:4      | Noticed Menkaure
  3449 | D:4      | Killed Menkaure
  3450 | D:4      | Reached skill level 5 in Armour
  3702 | D:5      | Entered Level 5 of the Dungeon
  3917 | D:5      | Noticed a yak
  3928 | D:5      | Noticed a yak
  3928 | D:5      | Noticed a yak
  3933 | D:5      | Killed a yak
  3934 | D:5      | Reached skill level 5 in Dodging
  3946 | D:5      | Killed a yak
  3947 | D:5      | Reached skill level 8 in Maces & Flails
  3947 | D:5      | Reached XP level 8. HP: 25/64 MP: 7/7
  4378 | D:5      | Noticed Dowan
  4427 | D:5      | Killed Dowan
  4529 | D:5      | Found a staircase to the Ecumenical Temple.
  4725 | D:5      | Noticed Duvessa
  4732 | D:5      | Killed Duvessa
  4733 | D:5      | Reached skill level 9 in Maces & Flails
  4980 | D:6      | Identified the +9 rapier of Profit {venom, rF+ MP+9 Int+6}
  5683 | D:6      | Reached XP level 9. HP: 72/72 MP: 8/8
  6142 | D:7      | Reached **** piety under Trog
  6190 | D:7      | Reached skill level 1 in Evocations
  6282 | D:7      | Reached skill level 10 in Maces & Flails
  6336 | D:7      | Found a glowing silver altar of Zin.
  6349 | D:7      | Found a shadowy altar of Dithmenos.
  6758 | D:7      | Noticed Pikel
  6770 | D:7      | Killed Pikel
  7933 | D:8      | Found a staircase to the Lair.
  8201 | D:9      | Found Xad Beisu's Self-Improvement Boutique.
  8205 | D:9      | Reached skill level 11 in Maces & Flails
  8205 | D:9      | Reached skill level 5 in Throwing
  8627 | D:9      | Reached XP level 10. HP: 79/80 MP: 9/9
  8633 | D:9      | Found a faded altar of an unknown god.
  8963 | D:9      | Found a hide-covered altar of Uskayaw.
  9255 | D:10     | Entered Level 10 of the Dungeon
  9313 | D:10     | Reached skill level 12 in Maces & Flails
  9358 | D:10     | Found a broken altar of Ashenzari.
  9432 | D:10     | Noticed Harold
  9455 | D:10     | Killed Harold
  9686 | D:10     | Found an ornate altar of the Wu Jian Council.
  9702 | D:10     | Found a staircase to the Orcish Mines.
  9829 | D:10     | Identified the +6 hand axe "Louddypa" {venom, *Noise rElec
                  | rPois rF+}
  9965 | D:10     | Noticed Josephine
  9983 | D:10     | Killed Josephine
  9999 | D:10     | Reached ***** piety under Trog
 10159 | D:10     | Noticed Urug
 10182 | D:10     | Killed Urug
 10183 | D:10     | Reached skill level 13 in Maces & Flails
 10183 | D:10     | Reached XP level 11. HP: 85/85 MP: 10/10
 10280 | D:10     | Found a transporter.
 10285 | D:10     | Noticed Garym's ghost (journeyman MiBe)
 10339 | D:10     | Found a transporter.
 10706 | Lair:1   | Entered Level 1 of the Lair of Beasts
 11487 | Lair:1   | Reached skill level 5 in Evocations
 12056 | Lair:2   | Found a staircase to the Swamp.
 12247 | Lair:2   | Reached skill level 14 in Maces & Flails
 12359 | Lair:2   | Noticed an eight-headed hydra
 12374 | Lair:2   | Reached skill level 10 in Armour
 12494 | Lair:2   | Killed an eight-headed hydra
 13150 | Lair:3   | Reached skill level 10 in Dodging
 13150 | Lair:3   | Reached XP level 12. HP: 85/92 MP: 11/11
 13160 | Lair:3   | Noticed a seven-headed hydra
 13171 | Lair:3   | Killed a seven-headed hydra
 13172 | Lair:3   | Reached skill level 1 in Axes
 13172 | Lair:3   | Reached skill level 1 in Bows
 13266 | Lair:3   | Noticed a boulder beetle
 13300 | Lair:3   | Killed a boulder beetle
 13386 | Lair:3   | Found the +4 skin of Zhor {*Englaciate rC+++ SInv}
 13630 | Lair:3   | Found a hole to the Spider Nest.
 13845 | Lair:3   | Reached skill level 5 in Axes
 14010 | Lair:3   | Noticed a four-headed hydra
 14023 | Lair:3   | Killed a four-headed hydra
 14297 | Lair:4   | Reached skill level 5 in Bows
 14388 | Lair:4   | Found a runed translucent door.
 14388 | Lair:4   | Noticed funkygono's ghost (journeyman MiBe)
 14391 | Lair:4   | Noticed a death yak
 14413 | Lair:4   | Killed a death yak
 14429 | Lair:4   | Noticed a death yak
 14438 | Lair:4   | Noticed a death yak
 14439 | Lair:4   | Noticed a death yak
 14442 | Lair:4   | Killed a death yak
 14442 | Lair:4   | Noticed a death yak
 14462 | Lair:4   | Killed a death yak
 14484 | Lair:4   | Killed a death yak
 14516 | Lair:4   | Reached XP level 13. HP: 35/99 MP: 12/12
 14854 | Lair:4   | Killed funkygono's ghost
 15959 | Lair:4   | Received a gift from Trog
 16311 | Lair:5   | Found a bloodstained altar of Trog.
 16338 | Lair:5   | Killed from afar by an oklob plant

Illustrated notes

Levels and vault maps discovered:
D:1:      scummos_arrival_gate, layout_basic, ebering_ecumenical_altar_abandoned
D:2:      layout_rooms, basic_altar, kennysheep_generic_room_11, uniq_terence,
          uniq_crazy_yiuf_cottage
D:3:      layout_rooms, dk_yredelemnul_ordeal, fedhas_altar_fruit_tree,
          uniq_robin
D:4:      layout_cave_pools, nicolae_hepliaklqana_monster_ancestors,
          mainiacjoe_overflow_swirl, uniq_menkaure
D:5:      layout_rooms, minmay_temple_entry_large_hall, uniq_duvessa
D:6:      layout_cave_pods, serial_undead, serial_undead_e, serial_undead_d,
          serial_undead_c, serial_undead_e
D:7:      layout_basic, mainiacjoe_overflow_big_doors, kennysheep_flooded_box,
          uniq_pikel
D:8:      layout_gridville, lair_entry_dummy, hangedman_decor_peaks_small,
          minivault_1
D:9:      layout_irregular_city, mainiacjoe_overflow_surrounded_room,
          serial_column_ruins, column_ruins_temple_circle,
          column_ruins_hut_pillars, column_ruins_grid_1,
          column_ruins_open_small, column_ruins_open_small, column_ruins_grid_3,
          column_ruins_open_tiny, nicolae_shop_self_help
D:10:     layout_irregular_city, mainiacjoe_overflow_paths,
          mainiacjoe_overflow_concentric_impassable, nzn_wu_jian_contemplation,
          orc_0_dummy, gammafunk_ghost_berserking_beasts, uniq_josephine,
          uniq_harold, uniq_urug
Lair:1:   layout_long_grid, wad_woods_river_01
Lair:2:   layout_gridlike, swamp_mist_pool, gammafunk_lair_bear_cave
Lair:3:   layout_chaotic_city, nicolae_spider_entry_tight_spaces,
          hellmonk_guarded_unrand_zhor
Lair:4:   layout_regular_city, gammafunk_ghost_grave, beast_lair_carwin_10,
          serial_bayou_shore_a, serial_bayou_shore_b, lemuel_fruit_fields
Lair:5:   layout_layer_cave, lemuel_oklob_altar, grunt_megastairs_3

Skill      XL: |  1  2  3  4  5  6  7  8  9 10 11 12 13 |
---------------+----------------------------------------+-----
Maces & Flails | 4 5 6 7 8 9 11 13 14 | 14.0
Armour         | 3 4 5 6 7 9 10 11 12 | 12.4
Dodging        | 3 4 5 6 7 8 10 | 10.0
Throwing       | 1 2 4 5 6 7 |  7.0
Fighting       | 4 |  4.5
Evocations     | 2 4 6 7 8 |  8.0
Axes           | 7 8 |  8.9
Bows           | 6 8 |  8.0

Action                   |  1- 3 |  4- 6 |  7- 9 | 10-12 | 13-15 || total
-------------------------+-------+-------+-------+-------+-------++-------
Melee: Mace              |    76 |   113 |   367 |   143 |     6 ||   705
       Headbutt          |    10 |    18 |    72 |   161 |    83 ||   344
       Punch             |     1 |     3 |       |    11 |     7 ||    22
       Hand axe          |       |       |     6 |   410 |   239 ||   655
 Fire: Shortbow          |       |       |       |    23 |    17 ||    40
Throw: Dart              |       |     4 |     8 |     6 |       ||    18
       Boomerang         |       |       |       |     8 |     6 ||    14
       Throwing net      |       |       |       |     2 |       ||     2
Invok: Trog's Hand       |       |     1 |     5 |     6 |     3 ||    15
       Berserk           |       |     1 |     1 |     5 |     2 ||     9
       Brothers in Arms  |       |       |       |     1 |       ||     1
  Use: Potion            |     1 |       |     1 |       |       ||     2
       Scroll            |       |       |     6 |    16 |       ||    22
 Stab: Held in net/web   |       |       |       |     1 |       ||     1
Armor: Animal skin       |    11 |       |       |       |       ||    11
       Leather armour    |     1 |     2 |       |       |       ||     3
       Chain mail        |       |    51 |    97 |   189 |    87 ||   424
       Plate armour      |       |       |    93 |    74 |       ||   167
Dodge: Dodged            |    49 |    44 |   143 |   265 |    77 ||   578
Block: Other             |       |       |    10 |    39 |       ||    49
